 Dungeon Crawl Stone Soup version 0.27.0-1-g7a089689b8 (webtiles) character file.

Game seed: 16419328723586926658

10 Descartes the Scratcher (level 2, -3/12 HPs)
             Began as a Felid Transmuter on Aug 1, 2021.
             Frozen to death by an endoplasm (5 damage)
             ... on level 1 of the Dungeon.
             The game lasted 00:00:49 (152 turns).

Descartes the Scratcher (Felid Transmuter)           Turns: 152, Time: 00:00:50

Health: -3/12      AC:  1    Str:  6    XL:     2   Next: 10%
Magic:  5/6        EV: 17    Int: 14    God:
Gold:   14         SH:  0    Dex: 16    Spells: 4/5 levels left
                                        Lives:  0   Deaths: 0

rFire    . . .     SeeInvis +     - Unarmed
rCold    . . .     Faith    .   (shield unavailable)
rNeg     . . .     Spirit   .   (armour unavailable)
rPois    .         Reflect  .   (helmet unavailable)
rElec    .         Harm     .   (cloak unavailable)
rCorr    .         Rampage  .   (gloves unavailable)
Will     .....                  (boots unavailable)
Stlth    ++........             (no amulet)
HPRegen  0.04/turn              (no ring)
MPRegen  0.10/turn              (no ring)

@: appendages, quick
A: horns 2, very small, claws 1, fangs 3, see invisible, speed 1, shaggy fur 1,
stealthy paws, no weapons or thrown items, no armour, multi-lived
a: End Transformation


You were on level 1 of the Dungeon.
You had temporarily grown beastly horns.
You visited 1 branch of the dungeon, and saw 1 of its levels.

You collected 14 gold pieces.

You aren't carrying anything.


   Skills:
 - Level 1.0 Fighting
 + Level 3.0 Dodging
 + Level 1.1 Stealth
 + Level 3.1 Unarmed Combat
 - Level 2.0 Spellcasting
 + Level 2.4 Transmutations


You had 4 spell levels left.
You knew the following spells:

 Your Spells              Type           Power      Damage    Failure   Level
a - Beastly Appendage     Tmut           16%        N/A       9%          1

Your spell library contained the following spells:

 Spells                   Type           Power      Damage    Failure   Level
 Wereblood                Tmut           8%         N/A       13%         2
 Spider Form              Tmut/Pois      2%         N/A       41%         3
 Ice Form                 Ice/Tmut       4%         N/A       82%         4
 Animate Dead             Necr           0%         N/A       93%         4
 Borgnjor's Vile Clutch   Necr/Erth      0%         N/A       100%        5
 Death Channel            Necr           0%         N/A       100%        6


Dungeon Overview and Level Annotations

Branches:
Dungeon (1/15)

Altars:


Innate Abilities, Weirdness & Mutations

You have temporarily grown beastly horns.
You have sharp claws.
You have razor-sharp teeth.
You have supernaturally acute eyesight. (SInv)
You cover ground quickly. (Speed+)
You are covered in fur. (AC +1)
Your paws help you pounce on unaware monsters.
You are incapable of wielding weapons or throwing items.
You cannot wear armour.
You gain extra lives every three experience levels.


Message History

You kill the endoplasm!
Your Dodging skill increases to level 3!
Your Stealth skill increases to level 1!
You pick up a book of Unlife and begin reading...
You add the spells Animate Dead, Borgnjor's Vile Clutch and Death Channel to your library.
Okay, then.
An endoplasm comes into view.
Casting: Beastly Appendage (safe; 9% risk of failure)
Confirm with . or Enter, or press ? or * to list all spells.
You grow a pair of large bovine horns.
The endoplasm quivers.
A hobgoblin comes into view.
The hobgoblin shouts!
You scratch the hobgoblin. Your headbutt misses the hobgoblin.
The hobgoblin is heavily wounded.
Your transformation is almost over.
The hobgoblin misses you.
You scratch the hobgoblin but do no damage.
You headbutt the hobgoblin.
You kill the hobgoblin!
The endoplasm hits you.
* * * LOW HITPOINT WARNING * * *
You have reached level 2!
The endoplasm closely misses you.
Your horns disappear.
A quokka comes into view.
The endoplasm hits you.
* * * LOW HITPOINT WARNING * * *
Casting: Beastly Appendage (safe; 9% risk of failure)
Confirm with . or Enter, or press ? or * to list all spells.
You grow a pair of large bovine horns.
The quokka closely misses you. The quokka barely misses you.
You scratch the quokka.
You kill the quokka!
You scratch the endoplasm.
You bite the endoplasm, but do no damage.
The endoplasm is almost dead.
The endoplasm freezes you.
You are frozen.
You die...

#<...# #...[# ### ###.88.#
#######.♣♣♣.#....#
#...........##''##♣.#
#.........#.........#
######.........##.#..#####
...............##.#..#
...#.#...#.....J@....#
#.#...#.#......##.#..#
#.....#...#...##.#..#
#.....#..#.....#.....
##.....###...#..##....
..#...#..#..#.........
...#.#.(.###...#......
#...#...#...#..#.......
.#..#..#†....#.###....


You could see an endoplasm.

Vanquished Creatures
  An endoplasm (D:1)
  2 giant cockroaches (D:1)
  3 hobgoblins (D:1)
  A quokka (D:1)
  A rat (D:1)
8 creatures vanquished.

Notes
Turn   | Place    | Note
-------+----------+-------------------------------------------
     0 | D:1      | Descartes the Felid Transmuter began the quest for the Orb.
     0 | D:1      | Reached XP level 1. HP: 9/9 MP: 4/4
    49 | D:1      | Reached skill level 1 in Stealth
   125 | D:1      | Reached XP level 2. HP: 3/12 MP: 4/6
   152 | D:1      | Frozen to death by an endoplasm

Illustrated notes

Levels and vault maps discovered:
D:1:      sevenhm_arrival_forest_fort_small_6, layout_rooms,
          minmay_splitting_lines, ebering_dispersal_statue_hall

Skill      XL: |  1 |
---------------+----+-----
Dodging        | 3 |  3.0
Stealth        | 1 |  1.1
Fighting       | |  1.0
Unarmed Combat | |  3.1
Spellcasting   | |  2.0
Transmutations | |  2.4

Action                   || total
-------------------------++-------
Melee: Unarmed           ||    21
       Headbutt          ||     4
       Bite              ||     4
 Cast: Beastly Appendage ||     3
Dodge: Dodged            ||    19
